 Dungeon Crawl Stone Soup version 0.31-a0-303-gdc8c9485ea (webtiles) character file.

Game seed: 11689666435249419504

58 2FriedEggs the Changeling (level 4, 0/29 HPs)
             Began as an Octopode Shapeshifter on July 16, 2023.
             Was a Follower of Lugonu.
             Slain by an adder (4 damage)
             ... on level 3 of the Dungeon.
             The game lasted 00:05:40 (1776 turns).

2FriedEggs the Changeling (Octopode Shapeshifter)   Turns: 1776, Time: 00:05:41

Health: 0/29       AC:  1    Str: 16    XL:     4   Next: 2%
Magic:  4/4        EV: 13    Int: 10    God:    Lugonu [*.....]
Gold:   126        SH:  0    Dex: 12    Spells: 3/3 levels left

rFire   . .          .
                       - Unarmed
rCold   . . .        (no shield)
rNeg    . . .        (helmet currently unavailable)
rPois   .            (no amulet)
rElec   .            (no ring)
rCorr   .            (no ring)
SInv    .            (no ring)
Will    .....        (no ring)
Stlth   ++           (no ring)
HPRegen 0.24/turn    (no ring)
MPRegen 0.09/turn    (no ring)
                     (no ring)

%: no passive effects
@: lethally poisoned (0 -> -2), beast-form
A: beast (slay +2), almost no armour, amphibious, 8 rings, camouflage 1,
gelatinous body 1, (nimble swimmer 1), tentacles
a: Begin Untransformation, Renounce Religion, Depart the Abyss


You were on level 3 of the Dungeon.
You worshipped Lugonu.
Lugonu was aware of your devotion.
You were a hulking beast.
You visited 1 branch of the dungeon, and saw 3 of its levels.

You collected 126 gold pieces.

Inventory:

Missiles
 g - 5 javelins
Talismans
 b - a beast talisman
Scrolls
 c - 3 scrolls of identify {unknown}
 d - 2 scrolls of vulnerability {unknown}
 e - a scroll of enchant armour {unknown}
 f - a scroll of poison {unknown}
Potions
 a - a potion of lignification
 h - a potion of mutation {unknown}


   Skills:
 - Level 2.0 Fighting
 - Level 2.0 Dodging
 + Level 2.9 Unarmed Combat
 * Level 3.9 Shapeshifting


You had 3 spell levels left.
You didn't know any spells.
Your spell library contained the following spells:

 Spells                   Type           Power      Damage    Failure   Level
 Summon Small Mammal      Summ           0%         N/A       36%         1
 Call Canine Familiar     Summ           0%         N/A       75%         3
 Summon Guardian Golem    Hex/Summ       0%         N/A       75%         3


Dungeon Overview and Level Annotations

Branches:
Dungeon (3/15)

Altars:
Lugonu


Innate Abilities, Weirdness & Mutations

You are a hulking beast.
Your limbs bulge with bestial killing power. (Slay +2)
You cannot wear most types of armour.
You are amphibious.
You can wear up to eight rings at the same time.
Your skin changes colour to match your surroundings (Stealth+).
Your rubbery body absorbs attacks. (AC +1, EV +1)
((You are camouflaged when in or above water. (Stealth+)))
You have tentacles for arms and can constrict up to eight enemies at once.


Message History

You have reached level 4!
h - a pink potion
Found a falchion.
Found a stone staircase leading up.
You see here a +0 falchion.
There is a stone staircase leading down here.
Things that are here:
a +0 dagger; 2 stones
There is a stone staircase leading up here.
There is an open door here.
Done exploring.
Done exploring.
There is an open door here.
You open the door.
There is an open door here.
There is a stone staircase leading down here.
You climb downwards.
There is a stone staircase leading up here.
An adder comes into view.
The adder bites you.
You are poisoned.
The adder poisons you!
An adder comes into view.
Found a blue potion.
You feel sick. The adder barely misses you.
You feel sick. The adder bites you.
You are more poisoned.
The adder poisons you! The adder bites you.
The goblin shouts!
The adder attacks as you move away! The adder closely misses you.
You feel very sick.
The adder hisses angrily.
The goblin hits you with a +0 club.
You feel sick. The goblin hits you with a +0 club.
The adder attacks as you move away! The adder bites you.
You feel sick.
You feel sick. The adder misses you. The adder bites you.
* * * LOW HITPOINT WARNING * * *
The adder attacks as you move away! The adder barely misses you.
You feel sick. The adder attacks as you move away! The adder barely misses you.
The adder attacks as you move away! The adder bites you.
You die...

########.
#!.......
#h......#
#SS.....#
#g......#
#.......#
#.......#
#.......#
+........
#........
#.######.


You could see 2 adders and a goblin.

Vanquished Creatures
  3 adders (D:2)
  A worm (D:2)
  A dart slug (D:1)
  5 ball pythons
  4 endoplasms
  3 giant cockroaches
  5 bats
  A frilled lizard (D:1)
  2 goblins
  3 kobolds
28 creatures vanquished.

Notes
Turn   | Place    | Note
-------+----------+-------------------------------------------
     0 | D:1      | 2FriedEggs the Octopode Shapeshifter began the quest for
                  | the Orb.
     0 | D:1      | Reached XP level 1. HP: 14/14 MP: 1/1
   163 | D:1      | Found a faded altar of an unknown god.
   175 | D:1      | Prayed at the altar of an unknown god.
   175 | D:1      | Became a worshipper of Lugonu the Unformed
   175 | D:1      | Reached * piety under Lugonu
   211 | D:1      | Reached XP level 2. HP: 18/19 MP: 2/2
   993 | D:2      | Reached XP level 3. HP: 24/24 MP: 3/3
  1285 | D:2      | Reached XP level 4. HP: 25/29 MP: 4/4
  1776 | D:3      | Slain by an adder

Illustrated notes

Levels and vault maps discovered:
D:1:      dpeg_arrival_stone_temple_mockup, layout_basic,
          hellmonk_ecumenical_altar_run_dry
D:2:      layout_basic
D:3:      layout_basic, uniq_robin

Action                     |  1- 3 |  4- 6 || total
---------------------------+-------+-------++-------
  Melee: Unarmed           |    50 |       ||    50
         Constrict         |     8 |       ||     8
         Tentacles         |     9 |       ||     9
   Stab: Sleeping          |     7 |       ||     7
 Armour: Skin              |     5 |       ||     5
  Dodge: Dodged            |    31 |     5 ||    36
         Form:             |     1 |       ||     1
         Beast             |     1 |       ||     1

Table legend: (Time is in decaauts)
 A = Elapsed time spent in this place.
 B = Non-inter-level travel time spent in this place.
 C = Inter-level travel time spent in this place.
 D = Time resting spent in this place.
 E = Time spent auto-exploring this place.
 F = Levels seen in this place.
 G = Mean time per level.
                   A        B        C        D        E       F      G
               +--------+--------+--------+--------+--------+-----+--------+
         Total |   1773 |   1633 |    140 |      0 |   1419 |   3 |  591.0 |
       Dungeon |   1773 |   1633 |    140 |      0 |   1419 |   3 |  591.0 |
               +--------+--------+--------+--------+--------+-----+--------+

Top non-repeatable levels by time:
     D:2: 1071 daAuts
     D:1: 690 daAuts
     D:3: 11 daAuts
